 Dungeon Crawl Stone Soup version 0.27.0-1-g7a089689b8 (webtiles) character file.

Game seed: 13780830417006408090

3205 HungrySpirit the Cleaver (level 9, -6/81 HPs)
             Began as a Minotaur Gladiator on July 31, 2021.
             Was an Initiate of Okawaru.
             Mangled by Gastronok (16 damage)
             ... on level 8 of the Dungeon.
             The game lasted 00:06:33 (8177 turns).

HungrySpirit the Cleaver (Minotaur Gladiator)       Turns: 8177, Time: 00:06:33

Health: -6/81      AC: 14    Str: 21    XL:     9   Next: 65%
Magic:  0/17       EV:  8    Int:  5    God:    Okawaru [......]
Gold:   335        SH:  0    Dex: 13    Spells: 8/8 levels left

rFire    . . .     SeeInvis .   u - +0 war axe
rCold    . . .     Faith    .   (no shield)
rNeg     . . .     Spirit   +   o - +0 plate armour
rPois    .         Reflect  .   c - +0 hat
rElec    .         Harm     .   (no cloak)
rCorr    .         Rampage  .   g - +0 pair of gloves
Will     .....                  (no boots)
Stlth    ..........             r - amulet of guardian spirit
HPRegen  0.23/turn              z - ring of magical power
MPRegen  0.15/turn              (no ring)

@: mighty
A: horns 2, retaliatory headbutt
a: Renounce Religion


You were on level 8 of the Dungeon.
You worshipped Okawaru.
Okawaru was noncommittal.
You visited 2 branches of the dungeon, and saw 9 of its levels.

You collected 479 gold pieces.
You spent 144 gold pieces at shops.

Inventory:

Hand Weapons
 u - a +0 war axe (weapon)
 C - a +0 battleaxe
Missiles
 d - 5 throwing nets (quivered)
Armour
 c - a +0 hat (worn)
 g - a +0 pair of gloves (worn)
 o - a +0 plate armour (worn)
Jewellery
 r - an amulet of guardian spirit (around neck)
 z - a ring of magical power (left hand)
 A - an amulet of the acrobat
 E - a ring of ice
Wands
 p - a wand of flame (31)
 v - a wand of charming (12)
Scrolls
 a - a scroll of enchant weapon {unknown}
 e - a scroll of amnesia {unknown}
 f - 2 scrolls of teleportation {unknown}
 i - a scroll of blinking {unknown}
 j - a scroll of fear {unknown}
 l - 3 scrolls of noise {unknown}
 m - 2 scrolls of torment {unknown}
 n - 7 scrolls of identify {unknown}
 q - 2 scrolls of acquirement {unknown}
 s - a scroll of fog {unknown}
 y - a scroll of brand weapon {unknown}
 B - a scroll of magic mapping {unknown}
 D - a scroll of enchant armour {unknown}
 G - a scroll of immolation {unknown}
Potions
 b - a potion of curing
 h - a potion of haste {unknown}
 k - a potion of magic
 t - 2 potions of attraction {unknown}
 w - 2 potions of ambrosia {unknown}
 x - a potion of flight


   Skills:
 + Level 8.1 Fighting
 * Level 11.3 Axes
 - Level 2.0 Throwing
 + Level 7.5 Armour
 - Level 6.0 Dodging


You had 8 spell levels left.
You didn't know any spells.
Your spell library contained the following spells:

 Spells                   Type           Power      Damage    Failure   Level
 Sublimation of Blood     Necr           0%         N/A       100%        2
 Wereblood                Tmut           0%         N/A       100%        2
 Gell's Gravitas          Tloc           0%         N/A       100%        3
 Lesser Beckoning         Tloc           0%         N/A       100%        3
 Teleport Other           Tloc           0%         N/A       100%        3
 Tukima's Dance           Hex            0%         N/A       100%        3
 Passage of Golubria      Tloc           N/A        N/A       100%        4
 Yara's Violent Unravell  Hex/Tmut       0%         3d3       100%        5
 Conjure Ball Lightning   Conj/Air       0%         3x3d6     100%        6
 Summon Hydra             Summ           0%         N/A       100%        7
 Discord                  Hex            0%         N/A       100%        8
 Disjunction              Tloc           0%         N/A       100%        8


Dungeon Overview and Level Annotations

Branches:
Dungeon (8/15)             Temple (1/1) D:6
   Lair: D:8-11

Altars:
Ashenzari
Cheibriados
Dithmenos
Elyvilon
Fedhas
Gozag
Makhleb
Nemelex Xobeh
Okawaru
Qazlal
Ru
Sif Muna
Trog
Uskayaw
Vehumet
Wu Jian
Xom
Yredelemnul
The Shining One

Shops:
D:5 !

Annotations:
D:8 Gastronok


Innate Abilities, Weirdness & Mutations

You have a pair of horns on your head.
You reflexively headbutt those who attack you in melee.


Message History

Found 18 gold pieces.
Gastronok is nearby!
Gastronok is nearby!
Okay, then.
You feel very mighty all of a sudden. Gastronok bites you!
You hit Gastronok. You headbutt Gastronok!
Gastronok is lightly wounded.
You slash Gastronok!
Gastronok is lightly wounded.
You hit Gastronok. You headbutt Gastronok!
Gastronok is moderately wounded.
Gastronok chants a spell, wobbling all the while.
Your skin takes on a slight green cast.
Your plate armour prevents you from hitting Gastronok.
You headbutt Gastronok!
Gastronok is moderately wounded.
You hit Gastronok.
Gastronok is moderately wounded.
Gastronok bites you!!
You slash Gastronok!
Gastronok is moderately wounded.
You slash Gastronok! You headbutt Gastronok!
Gastronok is heavily wounded.
Gastronok bites you!!
You are too injured to fight recklessly!
You are too injured to fight recklessly!
You are too injured to fight recklessly!
You hit Gastronok. You headbutt Gastronok.
Gastronok is severely wounded.
You slash Gastronok!
Gastronok is severely wounded.
Gastronok bites you!!
* * * LOW HITPOINT WARNING * * *
You slash Gastronok!
Gastronok is almost dead.
You completely miss Gastronok. You headbutt Gastronok!
Gastronok is almost dead.
Gastronok bites you!!
You die...

#... #... . #...
####+######...#######...
......$...# #..........
..$.......# ...#..<.....
..........# #........
......w...# +........
.......@..######........
#####+###..........##'##
#..........#....
#..........#..>.
#..........#....
#..........#....
######.....#....
#.....'.... #.....#....


You could see Gastronok.

Vanquished Creatures
  An ugly thing (D:7)
  A komodo dragon (D:7)
  2 wyverns (D:7)
  Edmund (D:3)
  A water moccasin (D:7)
  2 orc warriors (D:7)
  A black bear (D:7)
  2 ogres
  3 phantoms
  2 kobold brigands
  2 scorpions (D:5)
  A wyvern zombie (D:6)
  A bullfrog (D:8)
  A water moccasin skeleton (D:4)
  5 howler monkeys
  3 gnoll shamans
  A hound (D:5)
  A bullfrog skeleton (D:4)
  3 orc priests
  Ijyb (D:5)
  3 iguanas
  5 orc wizards
  A hound zombie (D:5)
  11 gnolls
  A howler monkey skeleton (D:7)
  6 adders
  A shadow imp (D:6)
  A white imp (D:6)
  An adder zombie (D:5)
  3 adder skeletons
  A worm (D:7)
  18 orcs
  5 ball pythons
  3 endoplasms
  2 giant cockroaches
  8 goblins
  6 hobgoblins
  4 jackals (D:1)
  14 kobolds
  5 quokkas
  4 bats
  2 frilled lizards (D:2)
  A quokka skeleton (D:4)
  4 rats
145 creatures vanquished.

Notes
Turn   | Place    | Note
-------+----------+-------------------------------------------
     0 | D:1      | HungrySpirit the Minotaur Gladiator began the quest for the
                  | Orb.
     0 | D:1      | Reached XP level 1. HP: 18/18 MP: 0/0
   270 | D:1      | Reached XP level 2. HP: 19/25 MP: 1/1
   271 | D:1      | Reached skill level 4 in Axes
   665 | D:1      | Reached skill level 1 in Armour
   988 | D:2      | Reached XP level 3. HP: 26/30 MP: 2/2
  1442 | D:3      | Noticed an ogre
  1454 | D:3      | Killed an ogre
  1455 | D:3      | Reached skill level 5 in Axes
  1455 | D:3      | Reached XP level 4. HP: 37/38 MP: 3/3
  1666 | D:3      | Found a basalt altar of Yredelemnul.
  1705 | D:3      | Reached XP level 5. HP: 45/45 MP: 4/4
  2271 | D:4      | Reached XP level 6. HP: 52/52 MP: 5/5
  2288 | D:4      | Reached skill level 6 in Axes
  2720 | D:4      | Found a stormy altar of Qazlal.
  2721 | D:4      | Found a glowing golden altar of the Shining One.
  2781 | D:4      | Reached XP level 7. HP: 38/60 MP: 6/6
  2893 | D:4      | Noticed Edmund
  2931 | D:3      | Killed Edmund
  2932 | D:3      | Reached skill level 7 in Axes
  2932 | D:3      | Reached skill level 5 in Dodging
  3202 | D:4      | Reached skill level 5 in Fighting
  3858 | D:5      | Entered Level 5 of the Dungeon
  3883 | D:5      | Noticed Ijyb
  3895 | D:5      | Killed Ijyb
  4195 | D:5      | Found a shadowy altar of Dithmenos.
  4317 | D:5      | Reached skill level 8 in Axes
  4317 | D:5      | Reached XP level 8. HP: 10/69 MP: 7/7
  4639 | D:5      | Found Puheomas's Distillery.
  4652 | D:5      | Bought a potion of curing for 36 gold pieces
  4652 | D:5      | Bought a potion of heal wounds for 60 gold pieces
  4652 | D:5      | Bought a potion of flight for 36 gold pieces
  4652 | D:5      | Bought a potion of degeneration for 12 gold pieces
  4786 | D:5      | Reached skill level 5 in Armour
  5423 | D:6      | Found a staircase to the Ecumenical Temple.
  5592 | Temple   | Entered the Ecumenical Temple
  5938 | D:6      | Found an iron altar of Okawaru.
  6092 | D:7      | Reached skill level 9 in Axes
  6276 | D:7      | Noticed a komodo dragon
  6283 | D:7      | Noticed a brown ugly thing
  6285 | D:7      | Killed a komodo dragon
  6301 | D:7      | Killed a brown ugly thing
  6302 | D:7      | Reached skill level 10 in Axes
  6302 | D:7      | Reached XP level 9. HP: 46/79 MP: 2/8
  7235 | D:7      | Reached skill level 11 in Axes
  7600 | D:7      | Found a snail-covered altar of Cheibriados.
  7682 | D:6      | Became a worshipper of Warmaster Okawaru
  8161 | D:8      | Noticed Gastronok
  8177 | D:8      | Mangled by Gastronok

Illustrated notes

Levels and vault maps discovered:
D:1:      minmay_arrival_split_and_join, layout_basic
D:2:      layout_rooms
D:3:      layout_basic, nicolae_overflow_hidden_temple, st_stairs_4
D:4:      minmay_skewed_foursquare, layout_basic,
          mainiacjoe_overflow_divided_tiny, kennysheep_opposing_triangles,
          uniq_edmund
D:5:      layout_basic, overflow_temple_1_default, serial_shops, shop,
          minivault_5, uniq_ijyb
D:6:      layout_rooms, mainiacjoe_overflow_tiny_flanked, temple_doors_e
D:7:      layout_layer_cave, cheibrodos_worm_habitat, nicolae_underground_beach
D:8:      layout_gridville, kiku_gazebo_garden_becter,
          ebering_ghost_reflecting_pool, uniq_gastronok
Temple:   oiseaux_autumnal_temple

Skill      XL: |  1  2  3  4  5  6  7  8  9 |
---------------+----------------------------+-----
Axes           | 4 5 6 8 10 11 | 11.3
Armour         | 1 2 3 4 6 7 |  7.5
Fighting       | 3 4 5 7 8 |  8.1
Dodging        | 4 5 6 |  6.0
Throwing       | |  2.0

Action                   |  1- 3 |  4- 6 |  7- 9 || total
-------------------------+-------+-------+-------++-------
Melee: War axe           |    56 |    79 |   278 ||   413
       Headbutt          |     7 |    11 |    72 ||    90
Throw: Throwing net      |     1 |       |       ||     1
Evoke: Wand              |       |       |     4 ||     4
  Use: Potion            |     2 |       |     4 ||     6
 Stab: Held in net/web   |     1 |       |       ||     1
Armor: Leather armour    |    18 |     2 |       ||    20
       Plate armour      |       |    55 |   133 ||   188
       Skin              |       |       |    16 ||    16
Dodge: Dodged            |    52 |    40 |   106 ||   198
